MLB
TEXAS RANGERS @ SEATTLE MARINERS
05/15/2018
 
TOP OF THE 1ST
Texas Rangers batting - Pitching for Seattle Mariners : RHP Gabriel Ynoa
Pitching: RHP Gabriel Ynoa
Batting: LHB Ender Inciarte 0-0: Called Strike
0-1: Ball
1-1: Ground out 6-3 (Groundball, 6)
Batting: SHB Cesar Hernandez 0-0: Ball
1-0: Ball
2-0: Ball
3-0: Called Strike
3-1: Foul Ball, location: 2F
3-2: Fly out, F8 (Flyball, 8LM)
Batting: LHB Bryce Harper 0-0: Ball
1-0: Foul Ball, location: 2F
1-1: Ball
2-1: Foul Ball, location: 2F
2-2: Strikes out swinging
Top of the 1st over - 0 runs, 0 hits, 0 errors, 0 left on base; Texas 0 - Seattle 0
BOTTOM OF THE 1ST
Seattle Mariners batting - Pitching for Texas Rangers : RHP Yonny Chirinos
Pitching: RHP Yonny Chirinos
Batting: LHB Ben Revere 0-0: Ball
1-0: Ball
2-0: Foul Ball, location: 2F
2-1: Ball
3-1: Foul Ball, location: 2F
3-2: Foul Ball, location: 2F
3-2: Foul Ball, location: 2F
3-2: Foul Ball, location: 2F
3-2: Foul Ball, location: 2F
3-2: Foul Ball, location: 2F
3-2: SINGLE (Line Drive, 8RS)
Batting: RHB Matt Kemp 0-0: Ball
1-0: Called Strike
1-1: Ball
2-1: Ball
3-1: Foul Ball, location: 2F
3-2: Fly out, F8 (Line Drive, 8LD)
Batting: RHB Manny Machado 0-0: Fielders Choice at 2nd, 5-4 (Groundball, 56)
Batting: RHB Kris Bryant 0-0: Reached on error, E4 (Groundball, 4)
Manny Machado to third
Batting: LHB Brandon Nimmo 0-0: Swinging Strike
0-1: Foul Ball, location: 2F
0-2: Foul Ball, location: 2F
0-2: Ball
1-2: Ball
2-2: Strikes out swinging
Bottom of the 1st over - 0 runs, 1 hit, 1 error, 2 left on base; Texas 0 - Seattle 0
TOP OF THE 2ND
Texas Rangers batting - Pitching for Seattle Mariners : RHP Gabriel Ynoa
Batting: LHB Eric Thames 0-0: Foul Ball, location: 2F
0-1: Foul Ball, location: 2F
0-2: DOUBLE (Flyball, 8RXD)
Batting: SHB Jeimer Candelario 0-0: Called Strike
0-1: Ground out 6-3 (Groundball, 6)
Batting: LHB Joc Pederson 0-0: Ball
1-0: Foul Ball, location: 2F
1-1: Called Strike
1-2: Foul Ball, location: 2F
1-2: 2-RUN HOME RUN (Flyball, 7D), Distance : 375 ft
Batting: RHB Andrelton Simmons 0-0: Ball
1-0: Called Strike
1-1: Ball
2-1: Ground out 3-1 (Groundball, 34)
Batting: RHB Max Stassi 0-0: Foul Ball, location: 2F
0-1: Ball
1-1: Ball
2-1: SINGLE (Groundball, 34D)
Batting: SHB Asdrubal Cabrera 0-0: Ball
1-0: Fly out, F9 (Line Drive, 9D)
Top of the 2nd over - 2 runs, 3 hits, 0 errors, 1 left on base; Texas 2 - Seattle 0
BOTTOM OF THE 2ND
Seattle Mariners batting - Pitching for Texas Rangers : RHP Yonny Chirinos
Batting: LHB Preston Tucker 0-0: Called Strike
0-1: Called Strike
0-2: Ball
1-2: Ball
2-2: Ball
3-2: DOUBLE (Flyball, 78XD)
Batting: RHB Christian Villanueva 0-0: Called Strike
0-1: Called Strike
0-2: Ball
1-2: Foul Ball, location: 2F
1-2: Ground out 5-3 (Groundball, 5)
Batting: RHB Austin Romine 0-0: Foul Ball, location: 2F
0-1: Ball
1-1: Ball
2-1: Called Strike
2-2: SINGLE (Line Drive, 4D)
Preston Tucker to third
Runner from 3rd tries for Home, SAFE, throw made home
Austin Romine to second
Batting: RHB Juremi Profar 0-0: Called Strike
0-1: Fly out, F3 (Line Drive, 3)
Batting: LHB Ben Revere 0-0: Ball
1-0: Ball
2-0: Ball
3-0: Called Strike
3-1: DOUBLE (Groundball, 3L)
Austin Romine scores
Batting: RHB Matt Kemp 0-0: Single, Error in OF, E7, batter to second base (Line Drive, 7LS)
Ben Revere scores
Batting: RHB Manny Machado 0-0: Called Strike
0-1: SINGLE (Line Drive, 4MD)
Matt Kemp to third
Runner from 3rd tries for Home, throw and OUT!
Bottom of the 2nd over - 3 runs, 5 hits, 1 error, 1 left on base; Texas 2 - Seattle 3
TOP OF THE 3RD
Texas Rangers batting - Pitching for Seattle Mariners : RHP Gabriel Ynoa
Batting: LHB Ender Inciarte 0-0: Called Strike
0-1: Ball
1-1: Ball
2-1: Called Strike
2-2: Foul Ball, location: 2F
2-2: Ball
3-2: Fly out, F3 (Line Drive, 3)
Batting: SHB Cesar Hernandez 0-0: SINGLE (Line Drive, 78S)
Batting: LHB Bryce Harper 0-0: Called Strike
Cesar Hernandez steals 2nd base
0-1: Ball
1-1: Ball
2-1: Called Strike
2-2: Foul Ball, location: 2F
2-2: Ground out 6-3 (Groundball, 56)
Batting: LHB Eric Thames 0-0: DOUBLE (Line Drive, 9LD)
Cesar Hernandez scores
Batting: SHB Jeimer Candelario 0-0: Ball
1-0: Foul Ball, location: 2F
1-1: Ball
2-1: Foul Ball, location: 2F
2-2: Foul Ball, location: 2F
2-2: Foul Ball, location: 2F
2-2: SINGLE (Line Drive, 7S)
Eric Thames to third
Runner from 3rd tries for Home, SAFE, throw made home
Batting: LHB Joc Pederson 0-0: Ball
1-0: Ball
2-0: Ball
3-0: Called Strike
3-1: Base on Balls
Jeimer Candelario to second
Batting: RHB Andrelton Simmons 0-0: Ball
1-0: SINGLE (Groundball, 56D)
Jeimer Candelario to third
Joc Pederson to second
Runner from 3rd tries for Home, SAFE, throw made home
Batting: RHB Max Stassi 0-0: Ball
1-0: Ball
2-0: Foul Ball, location: 2F
2-1: Ball
3-1: Base on Balls
Joc Pederson to third
Andrelton Simmons to second
Batting: SHB Asdrubal Cabrera 0-0: Called Strike
0-1: Called Strike
0-2: Ball
1-2: Foul Ball, location: 2F
1-2: GRAND SLAM HOME RUN (Flyball, 78XD), Distance : 391 ft
Batting: LHB Ender Inciarte 0-0: Ball
1-0: Called Strike
1-1: Foul Ball, location: 2F
1-2: Ball
2-2: Ball
3-2: Fly out, F4 (Popup, 13)
Top of the 3rd over - 7 runs, 5 hits, 0 errors, 0 left on base; Texas 9 - Seattle 3
BOTTOM OF THE 3RD
Seattle Mariners batting - Pitching for Texas Rangers : RHP Yonny Chirinos
Batting: RHB Kris Bryant 0-0: Called Strike
0-1: Foul Ball, location: 2F
0-2: Strikes out looking
Batting: LHB Brandon Nimmo 0-0: SINGLE (Groundball, 34D)
Batting: LHB Preston Tucker 0-0: Ball
1-0: Ball
Brandon Nimmo steals 2nd base
2-0: Ball
3-0: Called Strike
3-1: Ground out 6-3 (Groundball, 4)
Brandon Nimmo to third
Batting: RHB Christian Villanueva 0-0: Swinging Strike
0-1: Ball
1-1: Called Strike
1-2: Ball
2-2: Ball
3-2: Base on Balls
Batting: RHB Austin Romine 0-0: Called Strike
0-1: Fly out, F8 (Line Drive, 89M)
Bottom of the 3rd over - 0 runs, 1 hit, 0 errors, 2 left on base; Texas 9 - Seattle 3
TOP OF THE 4TH
Texas Rangers batting - Pitching for Seattle Mariners : RHP Gabriel Ynoa
Batting: SHB Cesar Hernandez 0-0: Called Strike
0-1: Ground out 1-3 (Groundball, 34S)
Batting: LHB Bryce Harper 0-0: Foul Ball, location: 2F
0-1: Fly out, F9 (Flyball, 89S)
Batting: LHB Eric Thames 0-0: Ball
1-0: Fly out, F4 (Line Drive, 4D)
Top of the 4th over - 0 runs, 0 hits, 0 errors, 0 left on base; Texas 9 - Seattle 3
BOTTOM OF THE 4TH
Seattle Mariners batting - Pitching for Texas Rangers : RHP Yonny Chirinos
Batting: RHB Juremi Profar 0-0: Called Strike
0-1: Ball
1-1: Ball
2-1: Ball
3-1: Foul Ball, location: 2F
3-2: SINGLE (Line Drive, 6D)
Batting: LHB Ben Revere 0-0: SINGLE (Line Drive, 89S)
Juremi Profar to second
Batting: RHB Matt Kemp 0-0: Fly out, F9 (Line Drive, 9)
Batting: RHB Manny Machado 0-0: Called Strike
0-1: Ball
1-1: Called Strike
1-2: Fly out, F9 (Line Drive, 9)
Batting: RHB Kris Bryant 0-0: Ball
1-0: Ball
2-0: Fielders Choice at 2nd, 5-4 (Groundball, 5L)
Bottom of the 4th over - 0 runs, 2 hits, 0 errors, 2 left on base; Texas 9 - Seattle 3
TOP OF THE 5TH
Texas Rangers batting - Pitching for Seattle Mariners : RHP Gabriel Ynoa
Pitching: RHP Hector Velazquez
Batting: SHB Jeimer Candelario 0-0: Called Strike
0-1: Ball
1-1: Called Strike
1-2: Ball
2-2: Ball
3-2: Base on Balls
Batting: LHB Joc Pederson 0-0: Foul Ball, location: 2F
0-1: Foul Ball, location: 2F
0-2: Strikes out swinging
Batting: RHB Andrelton Simmons 0-0: Called Strike
0-1: Grounds into double play, 4-6-3 (Groundball, 34)
Top of the 5th over - 0 runs, 0 hits, 0 errors, 0 left on base; Texas 9 - Seattle 3
BOTTOM OF THE 5TH
Seattle Mariners batting - Pitching for Texas Rangers : RHP Yonny Chirinos
Pitching: LHP Kevin Chapman
Batting: LHB Brandon Nimmo 0-0: Ball
1-0: Ball
2-0: Foul Ball, location: 2F
2-1: Ground out 5-3 (Groundball, 5)
Batting: LHB Preston Tucker 0-0: Called Strike
0-1: Called Strike
0-2: Strikes out looking
Batting: RHB Christian Villanueva 0-0: Ball
1-0: Called Strike
1-1: Ball
2-1: Ball
3-1: Foul Ball, location: 2F
3-2: Strikes out looking
Bottom of the 5th over - 0 runs, 0 hits, 0 errors, 0 left on base; Texas 9 - Seattle 3
TOP OF THE 6TH
Texas Rangers batting - Pitching for Seattle Mariners : RHP Hector Velazquez
Batting: RHB Max Stassi 0-0: Fly out, F8 (Flyball, 78M)
Batting: SHB Asdrubal Cabrera 0-0: Called Strike
0-1: Fly out, F5 (Popup, 6S)
Batting: LHB Ender Inciarte 0-0: Called Strike
0-1: Foul Ball, location: 2F
0-2: Foul Ball, location: 2F
0-2: Ball
1-2: Ball
2-2: Ball
3-2: Strikes out swinging
Top of the 6th over - 0 runs, 0 hits, 0 errors, 0 left on base; Texas 9 - Seattle 3
BOTTOM OF THE 6TH
Seattle Mariners batting - Pitching for Texas Rangers : LHP Kevin Chapman
Batting: RHB Austin Romine 0-0: Ball
1-0: Ground out 5-3 (Groundball, 5L)
Batting: RHB Juremi Profar 0-0: Swinging Strike
0-1: Ground out 6-3 (Groundball, 6)
Batting: LHB Ben Revere 0-0: Called Strike
0-1: Ground out 5-3 (Groundball, 5)
Bottom of the 6th over - 0 runs, 0 hits, 0 errors, 0 left on base; Texas 9 - Seattle 3
TOP OF THE 7TH
Texas Rangers batting - Pitching for Seattle Mariners : RHP Hector Velazquez
Batting: SHB Cesar Hernandez 0-0: Ball
1-0: Called Strike
1-1: Called Strike
1-2: Ball
2-2: Ball
3-2: Base on Balls
Batting: LHB Bryce Harper 0-0: Ball
1-0: Foul Ball, location: 2F
1-1: Called Strike
1-2: Ball
2-2: Ball
3-2: SINGLE (Groundball, 6MD)
Cesar Hernandez to second
Cesar Hernandez to third
Batting: LHB Eric Thames 0-0: Ball
1-0: Ball
2-0: DOUBLE (Groundball, 3L)
Cesar Hernandez scores
Bryce Harper to third
Batting: SHB Jeimer Candelario 0-0: Ball
1-0: Ball
2-0: Called Strike
2-1: Swinging Strike
2-2: Foul Ball, location: 2F
2-2: Ball
3-2: Base on Balls
Batting: LHB Joc Pederson 0-0: Ball
1-0: Called Strike
1-1: Foul Ball, location: 2F
1-2: Ball
2-2: Ball
3-2: Foul Ball, location: 2F
3-2: Fly out, F7 (Flyball, 78M)
Runner from 3rd tags up, SCORES, no throw
Batting: RHB Andrelton Simmons 0-0: Ball
1-0: Grounds into double play, 5-4-3 (Groundball, 56)
Top of the 7th over - 2 runs, 2 hits, 0 errors, 1 left on base; Texas 11 - Seattle 3
BOTTOM OF THE 7TH
Seattle Mariners batting - Pitching for Texas Rangers : LHP Kevin Chapman
Batting: RHB Matt Kemp 0-0: Ball
1-0: Ball
2-0: Ground out 5-3 (Groundball, 56)
Batting: RHB Manny Machado 0-0: Ball
1-0: Called Strike
1-1: Ball
2-1: Ball
3-1: Base on Balls
Batting: RHB Kris Bryant 0-0: Ball
Manny Machado steals 2nd base
1-0: Ball
2-0: Ball
3-0: Called Strike
3-1: Ground out 1-3 (Groundball, P)
Manny Machado to third
Batting: LHB Brandon Nimmo 0-0: Called Strike
0-1: Ball
1-1: Ball
2-1: Foul Ball, location: 2F
2-2: Fly out, F5 (Line Drive, 5)
Bottom of the 7th over - 0 runs, 0 hits, 0 errors, 1 left on base; Texas 11 - Seattle 3
TOP OF THE 8TH
Texas Rangers batting - Pitching for Seattle Mariners : RHP Hector Velazquez
Batting: RHB Max Stassi 0-0: Swinging Strike
0-1: Swinging Strike
0-2: Ball
1-2: Ball
2-2: Ball
3-2: Foul Ball, location: 2F
3-2: Strikes out looking
Batting: SHB Asdrubal Cabrera 0-0: Ball
1-0: Foul Ball, location: 2F
1-1: Swinging Strike
1-2: Ball
2-2: Ground out 5-3 (Groundball, 56)
Batting: LHB Ender Inciarte 0-0: SINGLE (Groundball, 4MD)
Batting: SHB Cesar Hernandez 0-0: Ball
1-0: Ball
2-0: Ball
3-0: Called Strike
3-1: SINGLE (Line Drive, 4MD)
Ender Inciarte to second
Batting: LHB Bryce Harper 0-0: Ball
1-0: Ball
2-0: Ball
3-0: Base on Balls
Ender Inciarte to third
Cesar Hernandez to second
Pitching: RHP Brad Keller
Batting: LHB Eric Thames 0-0: Foul Ball, location: 2F
0-1: Ball
1-1: Ball
2-1: Foul Ball, location: 2F
2-2: Ball
3-2: DOUBLE (Line Drive, 78XD)
Ender Inciarte scores
Cesar Hernandez scores
Bryce Harper to third
Bryce Harper scores
Batting: SHB Jeimer Candelario 0-0: Foul Ball, location: 2F
0-1: Foul Ball, location: 2F
0-2: Ground out U3 (Groundball, 34S)
Top of the 8th over - 3 runs, 3 hits, 0 errors, 1 left on base; Texas 14 - Seattle 3
BOTTOM OF THE 8TH
Seattle Mariners batting - Pitching for Texas Rangers : LHP Kevin Chapman
Pinch Hitting: RHB Cameron Maybin 0-0: Swinging Strike
0-1: Foul Ball, location: 2F
0-2: Ball
1-2: Strikes out swinging
Batting: RHB Christian Villanueva 0-0: Fly out, F2 (Popup, 23F)
Batting: RHB Austin Romine 0-0: Ground out 6-3 (Groundball, 4M)
Bottom of the 8th over - 0 runs, 0 hits, 0 errors, 0 left on base; Texas 14 - Seattle 3
TOP OF THE 9TH
Texas Rangers batting - Pitching for Seattle Mariners : RHP Brad Keller
Now in RF: Cameron Maybin
Batting: LHB Joc Pederson 0-0: Ball
1-0: Foul Ball, location: 2F
1-1: Ball
2-1: SINGLE (Line Drive, 89S)
Batting: RHB Andrelton Simmons 0-0: Called Strike
0-1: Foul Ball, location: 2F
0-2: SINGLE (Groundball, 6MD)
Joc Pederson to second
Runner from 2nd tries for 3rd, OUT!
Batting: RHB Max Stassi 0-0: Foul Ball, location: 2F
0-1: Grounds into double play, 6-4-3 (Groundball, 6)
Top of the 9th over - 0 runs, 2 hits, 0 errors, 0 left on base; Texas 14 - Seattle 3
BOTTOM OF THE 9TH
Seattle Mariners batting - Pitching for Texas Rangers : LHP Kevin Chapman
Pitching: RHP Matt Bowman
Batting: RHB Juremi Profar 0-0: Called Strike
0-1: Ground out 1-3 (Groundball, 13)
Batting: LHB Ben Revere 0-0: SINGLE (Groundball, 4MD)
Batting: RHB Matt Kemp 0-0: Grounds into double play, 6-4-3 (Groundball, 6)
Bottom of the 9th over - 0 runs, 1 hit, 0 errors, 0 left on base; Texas 14 - Seattle 3
Thursday, July 12th, 2018 - OOTP Baseball 19.7 Build 59